 Dungeon Crawl Stone Soup version 0.19-a0-1049-g462a813 (webtiles) character file.

451 mistymad the Skirmisher (level 7, -16/56 HPs)
             Began as a Formicid Abyssal Knight on July 31, 2016.
             Was a Priest of Lugonu.
             Demolished by a spiny frog (21 damage)
             ... on level 5 of the Dungeon.
             The game lasted 00:19:49 (4388 turns).

mistymad the Skirmisher (Formicid Abyssal Knight)   Turns: 4388, Time: 00:19:50

Health: -16/56     AC:  9    Str: 19    XL:     7   Next: 25%
Magic:  5/8        EV:  7    Int: 11    God:    Lugonu [***...]
Gold:   293        SH:  4    Dex: 10    Spells: 0 memorised, 6 levels left

rFire  . . .     SeeInvis +     a - +1 hand axe
rCold  . . .     Gourm    .     w - +0 chain mail
rNeg   . . .     Faith    .     h - +0 buckler
rPois  +         Spirit   .     (helmet unavailable)
rElec  .         Dismiss  .     (no cloak)
rCorr  .         Reflect  .     (no gloves)
SustAt .         Harm     .     (no boots)
MR     .....                    (no amulet)
Stlth  ..........               (no ring)
                                t - ring of poison resistance

@: not resistant to hostile enchantments, extremely unstealthy
A: permanent stasis, dig shafts and tunnels, four strong arms, antennae 3
a: Dig, Shaft Self, Depart the Abyss, Bend Space, Banish, Renounce Religion


You were on level 5 of the Dungeon.
You worshipped Lugonu.
Lugonu was most pleased with you.
You were not hungry.

You visited 1 branch of the dungeon, and saw 5 of its levels.
You visited the Abyss 1 time.

You collected 293 gold pieces.

Inventory:

Hand Weapons
 a - a +1 hand axe (weapon)
Armour
 h - a +0 buckler (worn)
 w - a +0 chain mail (worn)
Jewellery
 t - a ring of poison resistance (left hand)
Wands
 x - a wand of polymorph (5/24)
Scrolls
 d - 8 scrolls of identify {unknown}
 e - a scroll of random uselessness {unknown}
 i - 5 scrolls of immolation {unknown}
 k - a scroll of amnesia {unknown}
 l - 2 scrolls of noise {unknown}
 o - 3 scrolls of teleportation {unknown}
 p - 2 scrolls of remove curse {unknown}
 q - a scroll of fear {unknown}
 s - a scroll of magic mapping {unknown}
 u - 2 scrolls of recharging {unknown}
Potions
 b - a potion of might {unknown}
 m - a potion of berserk rage {unknown}
 v - a potion of agility {unknown}
Comestibles
 c - 4 bread rations
 g - 2 meat rations
 j - 4 fruits
 n - a slice of pizza
 r - 3 beef jerkies


   Skills:
 + Level 5.3 Fighting
 + Level 3.8 Axes
 + Level 4.3 Armour
 - Level 0.8 Dodging
 - Level 3.8 Shields
 - Level 2.1 Invocations


You had 6 spell levels left.
You didn't know any spells.

Dungeon Overview and Level Annotations

Branches:
Dungeon (5/15)
 Temple: D:4-7

Altars:
Nemelex Xobeh

Annotations:
D:3 Grinder


Innate Abilities, Weirdness & Mutations

You are under a permanent stasis effect.
You can dig through walls and to a lower floor.
Your four strong arms can wield two-handed weapons with a shield.
You have a pair of large antennae on your head. (SInv)


Message History

You take 10 damage, and have 25/56 hp.
You hit the spiny frog.
The spiny frog is moderately wounded.
The spiny frog stings you!
* * * LOW HITPOINT WARNING * * *
You take 10 damage, and have 15/56 hp.
Press: ? - help, Shift-Dir - straight line, f/p - spiny frog
Aim: a spiny frog (moderately wounded, chance to defeat MR: 81%)
Okay, then.
You fail to use your ability.
You block the spiny frog's attack. Space bends around you!
You blink.
* * * LOW HITPOINT WARNING * * *
You take 3 damage, and have 12/56 hp.
You now have 7/8 mp.
Space bends around you!
You blink.
* * * LOW HITPOINT WARNING * * *
You take 3 damage, and have 9/56 hp.
You now have 6/8 mp.
Space bends around you!
You blink.
* * * LOW HITPOINT WARNING * * *
The spiny frog completely misses you. The spiny frog stings you!!
You die...

####
##.ยง##
#%...#
#%...#
##F@.#
#..##
##.#
##.#
#..#
#..#
##.##
#..#
##.##


You could see a spiny frog.

Vanquished Creatures
  A centaur (D:4)
  3 hounds (D:4)
  An iguana (D:4)
  2 orc wizards
  A worker ant (D:4)
  Robin (D:3)
  7 adders
  3 oozes
  2 worms (D:2)
  A dart slug (D:1)
  4 giant geckos
  6 orcs
  5 giant cockroaches
  10 goblins
  6 hobgoblins
  8 jackals
  7 bats
  2 giant gecko skeletons
  4 giant newts
  8 kobolds
  11 rats
93 creatures vanquished.

Notes
Turn   | Place    | Note
-------+----------+-------------------------------------------
     0 | Abyss:1  | mistymad the Formicid Abyssal Knight began the quest for the Orb.
     0 | Abyss:1  | Reached XP level 1. HP: 18/18 MP: 2/2
    25 | D:1      | Escaped the Abyss
   164 | D:1      | Reached XP level 2. HP: 17/24 MP: 3/3
   388 | D:1      | HP: 1/24 [kobold (3)]
   469 | D:1      | Reached ** piety under Lugonu
   521 | D:1      | Reached skill level 1 in Shields
   521 | D:1      | Reached XP level 3. HP: 15/29 MP: 4/4
  1205 | D:2      | Reached XP level 4. HP: 33/37 MP: 5/5
  1691 | D:2      | Reached skill level 4 in Fighting
  1697 | D:2      | Found a sparkling altar of Nemelex Xobeh.
  1774 | D:3      | Noticed Grinder
  1965 | D:3      | Reached *** piety under Lugonu
  2040 | D:3      | Reached XP level 5. HP: 41/42 MP: 6/6
  2374 | D:3      | Noticed Robin
  2390 | D:3      | Killed Robin
  2655 | D:4      | Reached XP level 6. HP: 28/49 MP: 7/7
  2955 | D:4      | Noticed an ogre
  3578 | D:4      | Noticed an ogre
  3633 | D:4      | Reached skill level 5 in Fighting
  3969 | D:4      | an ogre changed into a centaur
  3979 | D:4      | Reached XP level 7. HP: 37/56 MP: 8/8
  4080 | D:5      | Entered Level 5 of the Dungeon
  4376 | D:5      | Noticed a spiny frog
  4376 | D:5      | a black bear changed into a spiny frog
  4388 | D:5      | Demolished by a spiny frog

Vault maps used:
D:1:      moated_graveyard_arrival
D:2:      nemelex_lonely_heart_becter
D:3:      minmay_misc_feat_rugged, serial_park_tiny_1, uniq_robin, uniq_grinder
D:4:      first_bread
D:5:      black_bear_nest_1

Skill      XL: |  1  2  3  4  5  6 |
---------------+-------------------+-----
Shields        | 1 2 3 |  3.8
Armour         | 3 4 |  4.3
Fighting       | 4 5 |  5.3
Axes           | 3 |  3.8
Dodging        | |  0.8
Invocations    | |  2.1

Action                   |  1- 3 |  4- 6 |  7- 9 || total
-------------------------+-------+-------+-------++-------
Melee: Hand axe          |    97 |   293 |    41 ||   431
Invok: Bend Space        |       |     2 |     3 ||     5
 Abil: Dig               |     1 |     3 |     1 ||     5
Evoke: Wand              |       |     1 |     2 ||     3
  Use: Potion            |     1 |       |       ||     1
  Eat: Chunk             |     1 |    10 |     2 ||    13
Armor: Leather armour    |    22 |       |       ||    22
       Ring mail         |    16 |    30 |       ||    46
       Chain mail        |       |   152 |    19 ||   171
Dodge: Dodged            |    61 |   131 |    21 ||   213
Block: Buckler           |     2 |    50 |     8 ||    60
